Map: Dusty Gorge

Players

llllllllllll

  • Race: Protoss Protoss
  • Spawn Location: 9:00

Weon

  • Race: Terran Terran
  • Spawn Location: 11:00

PureLegacy - Winner!

  • Race: Terran Terran
  • Spawn Location: 5:00

Deucalion - Winner!

  • Race: Protoss Protoss
  • League: Master
  • Spawn Location: 3:00

VOD

Have the link to the VOD?

Description

Time

  • Played on: Nov. 23, 2018, 6:35 p.m.
  • Length: 4:32
Show
View Real Time Build Order
Export as new Build Order

llllllllllll Protoss 

Build Orders: Oracle Opening 

Get SALT Encoding   

  12  0:01  Probe  
  13  0:13  Probe  
  14  0:19  Pylon  
  14  0:24  Probe  
  15  0:33  Probe  
  15  0:41  Probe  
  16  0:46  Gateway  
  17  0:53  Assimilator, Probe  
  18  0:59  Assimilator  
  18  1:05  Probe  
  19  1:14  Gateway  
  19  1:22  Probe  
  20  1:33  Cybernetics Core  
  20  1:34  Probe  
  21  1:42  Pylon  
  21  1:46  Probe  
  22  1:58  Probe  
  23  2:01  Adept x2  
  27  2:17  Stargate  
  27  2:20  Probe  
  27  2:22  Pylon  
  28  2:27  Adept  
  30  2:41  Pylon  
  30  2:51  Adept  
  32  3:00  Oracle  
  32  3:01  Adept  
  37  3:25  Shield Battery  
  37  3:27  Nexus  
  37  3:30  Oracle  
  32  3:44  Probe  
  30  3:57  Stalker x2  
Show
View Real Time Build Order
Export as new Build Order

Weon Terran 

Build Orders:  

Get SALT Encoding   

  12  0:01  SCV  
  13  0:13  SCV  
  14  0:18  Supply Depot  
  14  0:25  SCV  
  15  0:33  Refinery  
  15  0:43  Barracks  
  15  0:45  SCV  
  16  0:58  Barracks  
  16  1:03  SCV  
  17  1:20  Barracks  
  17  1:23  SCV  
  18  1:30  Reaper  
  19  1:42  Orbital Command  
  19  1:49  Reaper  
  20  1:55  Supply Depot  
  20  2:02  Reaper  
  21  2:11  Reaper  
  21  2:14  Refinery  
  22  2:16  SCV  
  23  2:26  Supply Depot  
  23  2:29  SCV  
  24  2:36  Reaper  
  25  2:44  Barracks Tech Lab  
  23  2:55  SCV  
  23  2:56  Marine  
  23  3:03  Supply Depot  
  23  3:05  Marine  
  23  3:07  SCV  
  23  3:08  Marine  
  23  3:09  Concussive Shells  
  24  3:14  Marine  
  21  3:23  Marine  
  21  3:25  Marine  
  19  3:32  Marine  
  15  3:43  Marine  
  11  3:51  Marine  
  7  4:01  Marine  
Show
View Real Time Build Order
Export as new Build Order

PureLegacy Terran - Winner!

Build Orders:  

Get SALT Encoding   

  12  0:02  SCV  
  13  0:14  SCV  
  14  0:19  Supply Depot  
  14  0:26  SCV  
  15  0:41  SCV  
  16  0:43  Barracks  
  16  0:47  Refinery  
  16  0:54  SCV  
  17  1:05  Barracks  
  17  1:15  Barracks  
  17  1:19  SCV  
  18  1:30  Reaper  
  19  1:34  Refinery  
  19  1:43  Orbital Command  
  19  1:53  Reaper  
  20  1:58  Supply Depot  
  20  2:04  Reaper  
  21  2:10  SCV  
  21  2:12  Reaper  
  23  2:23  Supply Depot  
  23  2:24  SCV  
  23  2:27  Reaper  
  25  2:38  Reaper  
  25  2:39  SCV  
  27  2:57  Reaper  
  28  2:59  SCV  
  28  3:02  Reaper  
  30  3:12  Reaper  
  31  3:16  Command Center  
  31  3:30  Reaper  
  31  3:36  Reaper  
  31  3:47  Reaper  
  32  3:57  SCV  
  32  3:58  Engineering Bay  
  34  4:12  Barracks  
  34  4:13  Barracks, SCV  
  35  4:28  Missile Turret  
  35  4:29  Barracks Reactor x2  
  35  4:30  Barracks Tech Lab  
Show
View Real Time Build Order
Export as new Build Order

Deucalion Protoss - Winner!

Build Orders:  

Get SALT Encoding   

  12  0:00  Probe  
  13  0:13  Probe  
  14  0:19  Pylon  
  14  0:25  Probe  
  15  0:34  Probe  
  15  0:42  Gateway, Probe  
  17  0:52  Probe  
  17  0:54  Assimilator  
  18  1:04  Probe  
  19  1:16  Probe  
  20  1:18  Gateway  
  20  1:26  Assimilator  
  20  1:31  Probe  
  21  1:33  Cybernetics Core  
  21  1:43  Probe  
  21  1:45  Pylon  
  22  1:55  Probe  
  22  2:00  Stalker x2  
  27  2:16  Pylon  
  27  2:17  Warp Gate  
  27  2:30  Adept x2  
  31  2:57  Stalker x2  
  33  3:37  Stalker x2, Nexus  
  31  4:01  Stargate  
  31  4:05  Stargate  
  29  4:28  Stalker x2  
Tags
 
Add a new tag
Caveats
  • Supply blocks, unpowered buildings, or Contaminate may cause inaccurate times.
  • Supply counts are checked every 10 seconds.